 Dungeon Crawl Stone Soup version 0.17-a0-484-g0e03f6a (console) character file.

37 Garrluk the Skirmisher (level 3, 0/39 HPs)
             Began as an Ogre Warper on Apr 10, 2015.
             Slain by Sigmund
             ... wielding a +0 scythe
              (11 damage)
             ... on level 2 of the Dungeon.
             The game lasted 00:03:05 (1001 turns).

Garrluk the Skirmisher (Ogre Warper)                Turns: 1001, Time: 00:03:05

Health: 0/39       AC:  3    Str: 16    XL:     3   Next: 39%
Magic:  7/7        EV: 10    Int: 13    God:
Gold:   83         SH:  0    Dex:  9    Spells: 2 memorised, 4 levels left

rFire  . . .     SeeInvis .     a - +0 mace
rCold  . . .     Clarity  .     b - +0 robe
rNeg   . . .     SustAb   .     (no shield)
rPois  .         Gourm    .     (helmet restricted)
rElec  .         Spirit   .     (no cloak)
rCorr  .         Warding  .     (gloves unavailable)
rMut   .         Stasis   .     (boots unavailable)
MR     .....                    (no amulet)
Stlth  +.........               (no ring)
                                (no ring)

@: confused, not resistant to hostile enchantments, very unstealthy
A: unfitting armour, tough skin 1
a: no special abilities


You were on level 2 of the Dungeon.
You were not hungry.

You visited 1 branch of the dungeon, and saw 2 of its levels.

You collected 83 gold pieces.

Notes
Turn   | Place    | Note
--------------------------------------------------------------
     0 | D:1      | Garrluk, the Ogre Warper, began the quest for the Orb.
     0 | D:1      | Reached XP level 1. HP: 22/22 MP: 3/3
    69 | D:1      | Reached skill level 3 in Fighting
   157 | D:1      | Reached XP level 2. HP: 21/31 MP: 3/5
   163 | D:1      | Learned a level 2 spell: Blink
   623 | D:1      | Reached XP level 3. HP: 37/37 MP: 7/7
   732 | D:2      | Noticed Sigmund
   829 | D:2      | Noticed Terence
   970 | D:2      | Reached skill level 4 in Fighting
  1001 | D:2      | Slain by Sigmund

Inventory:

Hand weapons
 a - a +0 mace (weapon)
Missiles
 e - 5 tomahawks of dispersal
 j - 41 stones (quivered)
 q - 13 poisoned needles
Armour
 b - a +0 robe (worn)
Scrolls
 d - a scroll of blinking
 h - 2 scrolls of random uselessness {unknown}
 n - a scroll of magic mapping {unknown}
 o - 2 scrolls of remove curse {unknown}
Potions
 g - a potion of invisibility {unknown}
 i - a potion of agility {unknown}
 k - a potion of heal wounds {unknown}
 l - a potion of lignification {unknown}
 r - a potion of might {unknown}
 s - a potion of brilliance {unknown}
Books
 c - a book of Spatial Translocations

   Spells                             Type                      Level
   a - Apportation                    Translocation                1
   b - Blink                          Translocation                2
   c - Shroud of Golubria             Charms/Translocation         2
   d - Portal Projectile              Translocation                3
   e - Teleport Other                 Translocation                3
   f - Passage of Golubria            Translocation                4
Comestibles
 f - a bread ration
 m - a meat ration

Table legend:
 A = Turns spent in this place as a percentage of turns spent in the entire game.
 B = Non-inter-level travel turns spent in this place as a percentage of non-inter-level travel turns spent in the entire game.
 C = Inter-level travel turns spent in this place as a percentage of turns spent in this place.
 D = Turns resting spent in this place as a percentage of non-inter-level travel turns spent in this place.
 E = Turns spent auto-exploring this place as a percentage of non-inter-level travel turns spent in this place.
 F = Non-inter-level travel turns spent in this place divided by the number of levels of this place that you've seen.
                   A       B       C       D       E      F
               +-------+-------+-------+-------+-------+----------------------
         Total | 100.0 | 100.0 |   0.5 |   0.5 |   7.8 | 199.0
       Dungeon | 100.0 | 100.0 |   0.5 |   0.5 |   7.8 | 199.0
               +-------+-------+-------+-------+-------+----------------------


   Skills:
 * Level 4.0 Fighting
 - Level 2.6 Maces & Flails
 + Level 2.0 Throwing
 - Level 2.1 Dodging
 + Level 2.8 Spellcasting
 - Level 2.1 Translocations


You had 4 spell levels left.
You knew the following spells:

 Your Spells              Type           Power        Failure   Level  Hunger
a - Apportation           Tloc           #.........   12%         1    #......
b - Blink                 Tloc           N/A          17%         2    ###....


Dungeon Overview and Level Annotations

Branches:
Dungeon (2/15)

Altars:

Annotations:
D:1 Terence
D:2 Sigmund


Innate Abilities, Weirdness & Mutations

You are too large for most types of armour.
You have tough skin (AC +1).


Message History

You bump into the rock wall.
A puff of flame appears from out of thin air!
The puff of flame hits you!
A puff of flame appears from out of thin air!
The puff of flame misses you.
Things that are here:
a dagger; a kobold corpse Something hits you but does no damage.
You can't go up here!
Something hits you.
Things that are here:
a dagger; a kobold corpse Something tries to affect you, but you resist.
There is a stone staircase leading up here.
In your confused state, you trip and fall back down the stairs.
Something hits you.
In your confused state, you trip and fall back down the stairs.
* * * LOW HITPOINT WARNING * * *
Something hits you!
You die...

#####.# #.#
#.# #.# #.#
#.###
#######...#
...........#
#######...#
##)## #@#
#.# #.# #.#
#.# #.# #.#
#.# #.#


There were no monsters in sight!

Table legend:
 A = Kills in this place as a percentage of kills in entire the game.
 B = Kills by you in this place as a percentage of kills by you in the entire game.
 C = Kills by friends in this place as a percentage of kills by friends in the entire game.
 D = Other kills in this place as a percentage of other kills in the entire game.
 E = Experience gained in this place as a percentage of experience gained in the entire game.
 F = Experience gained in this place divided by the number of levels of this place that you have seen.
                   A       B       C       D       E      F
               +-------+-------+-------+-------+-------+----------------------
         Total | 100.0 | 100.0 |  -nan |  -nan | 100.0 |  26.5
       Dungeon | 100.0 | 100.0 |  -nan |  -nan | 100.0 |  26.5
               +-------+-------+-------+-------+-------+----------------------

Vanquished Creatures
  Monster Symbol All 'K'
  5 kobolds
5 creatures vanquished. All 'S' An adder (D:2) 2 ball pythons
3 creatures vanquished. All 'b' 3 bats (D:1)
3 creatures vanquished. All 'g' 4 hobgoblins (D:1) 3 goblins (D:1)
7 creatures vanquished. All 'h' 2 jackals (D:1)
2 creatures vanquished. All 'l' A giant gecko (D:1) A giant newt (D:1)
2 creatures vanquished. All 'r' 3 rats (D:1)
3 creatures vanquished. All 's' 4 giant cockroaches
4 creatures vanquished.
29 creatures vanquished. Monster Nature Natural Monsters An adder (D:2) A giant gecko (D:1) 3 bats (D:1) 4 giant cockroaches 4 hobgoblins (D:1) 2 jackals (D:1) 2 ball pythons A giant newt (D:1) 3 goblins (D:1) 5 kobolds 3 rats (D:1)
29 creatures vanquished.
29 creatures vanquished. Ascending Order An adder (D:2) A giant gecko (D:1) A giant newt (D:1) 2 jackals (D:1) 2 ball pythons 3 bats (D:1) 3 goblins (D:1) 3 rats (D:1) 4 hobgoblins (D:1) 4 giant cockroaches 5 kobolds
29 creatures vanquished.

Action                   || total
-------------------------++-------
Melee: Mace              ||    90
Throw: Stone             ||     3
 Cast: Blink             ||     1
  Eat: Chunk             ||     1
